 Dungeon Crawl Stone Soup version 0.25-a0-292-gaa31f046c4 (webtiles) character file.

Game seed: 2001861241237147324, levelgen mode: deterministic

70 floatRand the Insei (level 4, 18/35 HPs)
             Began as a Demonspawn Monk on Dec 15, 2019.
             Quit the game on level 2 of the Dungeon.
             The game lasted 00:01:24 (1625 turns).

floatRand the Insei (Demonspawn Monk)               Turns: 1625, Time: 00:01:24

Health: 18/35      AC:  2    Str: 12    XL:     4   Next: 4%
Magic:  4/4        EV: 13    Int: 11    God:
Gold:   92         SH:  0    Dex: 16    Spells: 3/3 levels left

rFire    . . .     SeeInvis .     - Unarmed
rCold    + . .     Gourm    .   (no shield)
rNeg     . . .     Faith    .   a - +0 robe
rPois    .         Spirit   .   (helmet restricted)
rElec    .         Reflect  .   (no cloak)
rCorr    .         Harm     +   (no gloves)
MR       .....                  (no boots)
Stlth    +++.......             l - amulet of harm
HPRegen  0.11/turn              j - ring of stealth
MPRegen  0.09/turn              m - ring of protection from cold

@: no status effects
A: horns 1, powered by death 1
a: no special abilities


You were on level 2 of the Dungeon.
You were not hungry.

You visited 1 branch of the dungeon, and saw 2 of its levels.

You collected 92 gold pieces.

Inventory:

Missiles
 g - 16 poisoned darts (quivered)
Armour
 a - a +0 robe (worn)
 o - a +0 helmet
Jewellery
 j - a ring of stealth (left hand)
 l - an amulet of harm (around neck)
 m - a ring of protection from cold (right hand)
Scrolls
 c - a scroll of random uselessness {unknown}
 d - 3 scrolls of fog {unknown}
 f - a scroll of immolation {unknown}
 i - a scroll of remove curse {unknown}
 k - a scroll of enchant armour {unknown}
Potions
 e - a potion of curing {unknown}
 h - a potion of heal wounds {unknown}
Comestibles
 b - 3 rations
 n - a chunk of flesh


   Skills:
 - Level 3.0 Fighting
 - Level 2.6 Dodging
 - Level 1.7 Stealth
 + Level 4.5 Unarmed Combat


You had 3 spell levels left.
You didn't know any spells.
Your spell library was empty.

Dungeon Overview and Level Annotations

Branches:
Dungeon (2/15)

Altars:


Innate Abilities, Weirdness & Mutations

You have a pair of small horns on your head.
You regenerate a little health from kills.


Message History

Terence is heavily wounded.
Terence barely misses you.
You hit Terence.
Terence is severely wounded.
You hit Terence but do no damage.
Terence is severely wounded.
Terence closely misses you.
You hit Terence.
Terence is almost dead.
Terence hits you with a +0 falchion.
You hit Terence but do no damage.
Terence is almost dead.
Terence barely misses you.
You punch Terence!
You kill Terence!
You have reached level 4!
You feel agile.
Your demonic ancestry asserts itself...
A pair of horns grows on your head!
Your +0 helmet falls away!
Are you sure you want to abandon this character and quit the game? (Confirm with "yes".)

##. .# .. .#
#.###.# ..... .#
.... #.# #..#
#.# #).# #.# #
#.@####.##.#
####........#.#
...............#
######.##....###
#.##.#.##
#.##.#.#
..##.#.#
####.#.# ##.#.#


There were no monsters in sight!

Vanquished Creatures
  Terence (D:2)
  An adder (D:2)
  2 giant cockroaches
  10 goblins (D:1)
  2 hobgoblins (D:1)
  6 jackals (D:1)
  6 kobolds (D:1)
  A bat (D:1)
  A frilled lizard (D:1)
  3 rats (D:1)
33 creatures vanquished.

Notes
Turn   | Place    | Note
-------+----------+-------------------------------------------
     0 | D:1      | floatRand the Demonspawn Monk began the quest for the Orb.
     0 | D:1      | Reached XP level 1. HP: 18/18 MP: 1/1
    42 | D:1      | Reached skill level 3 in Unarmed Combat
   229 | D:1      | Gained mutation: You regenerate a little health from kills.
                  | [demonic ancestry]
   229 | D:1      | Reached XP level 2. HP: 15/24 MP: 2/2
   960 | D:1      | Reached XP level 3. HP: 26/29 MP: 3/3
  1502 | D:2      | Reached skill level 4 in Unarmed Combat
  1606 | D:2      | Noticed Terence
  1624 | D:2      | Killed Terence
  1624 | D:2      | Gained mutation: You have a pair of small horns on your
                  | head. [demonic ancestry]
  1624 | D:2      | Reached XP level 4. HP: 17/35 MP: 4/4
  1625 | D:2      | Quit the game

Levels and vault maps discovered:
D:1:      lightli_arrival_isolated_outpost, layout_basic
D:2:      layout_loops_ring, nicolae_gozag_cash_rules_everything_around_me,
          uniq_terence

Skill      XL: |  1  2  3 |
---------------+----------+-----
Unarmed Combat | 3 4 |  4.5
Fighting       | |  3.0
Dodging        | |  2.6
Stealth        | |  1.7

Action                   |  1- 3 |  4- 6 || total
-------------------------+-------+-------++-------
Melee: Unarmed           |   148 |       ||   148
       Punch             |     1 |       ||     1
 Stab: Sleeping          |     8 |       ||     8
  Eat: Chunk             |     2 |       ||     2
Armor: Robe              |    16 |       ||    16
Dodge: Dodged            |    86 |       ||    86

Table legend:
 A = Non-vault XP
 B = Vault XP
 C = Vault XP percentage of total XP
 D = Non-vault monster count
 E = Vault monster count
 F = Vault count percentage of total count
                 A         B        C        D         E       F
            +---------+---------+-------+---------+---------+-------
      Total |      65 |      36 |  35.6 |      32 |       1 |   3.0
            +---------+---------+-------+---------+---------+-------
        D:1 |      50 |       0 |   0.0 |      30 |       0 |   0.0
        D:2 |      15 |      36 |  70.6 |       2 |       1 |  33.3
            +---------+---------+-------+---------+---------+-------
